Map: Pillars of Gold LE

Players

Serral - Winner!

  • Race: Zerg Zerg
  • Spawn Location: 1:00

llllllllllll (Oliveira)

  • Race: Terran Terran
  • Spawn Location: 7:00

Event: DreamHack SC2 Masters 2020 Winter

VOD

Have the link to the VOD?

Description

Time

  • Played on: Nov. 14, 2020, 10:15 a.m.
  • Length: 11:36

All games in this series

Show
View Real Time Build Order
Export as new Build Order

Serral Zerg - Winner!

Build Orders: Hatch First, Muta Ling Bane 

Get SALT Encoding   

  12  0:00  Drone  
  13  0:12  Overlord  
  13  0:17  Drone  
  14  0:31  Drone x2  
  16  0:50  Hatchery  
  16  0:53  Drone  
  16  0:56  Drone  
  17  1:00  Drone  
  18  1:10  Extractor  
  17  1:16  Spawning Pool  
  16  1:19  Drone  
  16  1:23  Drone  
  18  1:28  Drone  
  19  1:39  Drone  
  20  1:49  Drone  
  21  2:03  Queen x2, Zergling x4  
  27  2:10  Overlord  
  27  2:12  Drone  
  27  2:14  Metabolic Boost  
  28  2:33  Hatchery  
  28  2:36  Drone  
  28  2:39  Drone  
  28  2:42  Drone  
  30  2:46  Drone  
  31  2:51  Queen  
  31  2:57  Overlord  
  33  3:00  Drone  
  33  3:03  Drone  
  35  3:07  Pneumatized Carapace  
  35  3:09  Drone  
  36  3:15  Drone x2  
  36  3:17  Drone  
  36  3:19  Drone  
  40  3:22  Drone  
  40  3:26  Overlord  
  41  3:28  Drone  
  41  3:34  Queen  
  42  3:37  Overlord  
  44  3:45  Drone  
  44  3:46  Drone x2  
  47  3:49  Queen  
  47  3:53  Zergling x2  
  47  3:54  Drone x2  
  47  3:55  Drone  
  53  4:00  Zergling x4  
  53  4:01  Drone x2  
  57  4:05  Overlord  
  57  4:10  Drone x2  
  57  4:11  Drone  
  57  4:16  Queen  
  62  4:18  Baneling Nest  
  62  4:21  Overlord  
  61  4:26  Lair  
  61  4:30  Queen  
  63  4:31  Zergling x2  
  63  4:33  Zergling x2  
  63  4:34  Drone  
  63  4:37  Extractor  
  63  4:38  Spore Crawler  
  64  4:40  Spore Crawler  
  64  4:41  Drone  
  64  4:42  Drone  
  64  4:43  Drone  
  64  4:45  Drone  
  67  4:47  Drone  
  67  4:50  Drone, Spore Crawler  
  69  4:52  Drone  
  69  4:53  Drone  
  69  4:56  Overlord  
  69  4:58  Drone x2  
  72  5:02  Overlord  
  72  5:03  Drone  
  72  5:06  Drone x3  
  76  5:08  Baneling x3  
  76  5:12  Drone x2, Extractor x2  
  76  5:15  Drone x2  
  76  5:20  Drone x2  
  80  5:24  Drone x2  
  80  5:26  Overlord  
  80  5:27  Drone x2  
  84  5:28  Drone x2  
  84  5:35  Spire  
  85  5:37  Zergling x2  
  85  5:38  Overseer  
  85  5:42  Drone x2  
  88  5:44  Drone x2  
  88  5:47  Extractor  
  88  5:48  Extractor  
  88  5:51  Drone x3  
  88  5:55  Drone  
  92  6:01  Overlord  
  92  6:02  Drone  
  92  6:03  Drone  
  94  6:04  Overlord  
  94  6:07  Hatchery  
  94  6:08  Evolution Chamber x2  
  94  6:09  Centrifical Hooks  
  91  6:12  Zergling x4  
  91  6:15  Zergling x2  
  91  6:16  Zergling x4  
  96  6:20  Zergling x2  
  96  6:21  Zergling x8  
  96  6:25  Overlord  
  101  6:27  Overlord  
  101  6:29  Zergling x6  
  104  6:38  Zergling x14  
  100  6:48  Mutalisk x4  
  100  6:50  Baneling x4  
  100  6:51  Baneling x2  
  100  6:52  Mutalisk  
  110  6:56  Mutalisk  
  110  7:01  Baneling x2  
  109  7:04  Mutalisk x2  
  113  7:10  Zergling x8  
  113  7:12  Overlord  
  117  7:16  Zerg Ground Armor Level 1, Zerg Melee Weapons Level 1  
  117  7:18  Baneling  
  117  7:19  Baneling  
  117  7:21  Overlord  
  117  7:23  Zergling x8  
  121  7:30  Zergling x4  
  121  7:31  Overlord  
  121  7:36  Baneling x9  
  123  7:38  Zergling x2  
  123  7:42  Zergling x4  
  126  7:45  Baneling x8  
  126  7:46  Queen  
  126  7:48  Zergling x4  
  126  7:49  Zergling x12  
  136  8:00  Overlord  
  136  8:05  Mutalisk x3  
  136  8:08  Overlord  
  136  8:12  Mutalisk  
  144  8:13  Overlord  
  144  8:19  Drone x4  
  142  8:20  Drone x2  
  142  8:24  Mutalisk x2  
  145  8:28  Zergling x22  
  156  8:45  Zergling x18  
  156  8:47  Baneling x3  
  165  8:51  Overlord  
  165  8:52  Zerg Flyer Weapons Level 1  
  165  8:55  Mutalisk x3  
  163  9:03  Zergling x10  
  163  9:09  Hatchery  
  167  9:11  Drone, Mutalisk  
  167  9:13  Zerg Melee Weapons Level 2  
  170  9:17  Hatchery  
  170  9:23  Zergling x14  
  174  9:31  Overlord  
  174  9:32  Overlord  
  170  9:39  Zergling x18  
  170  9:40  Zergling x10  
  184  9:46  Overlord  
  184  9:47  Overlord  
  184  9:52  Baneling x13, Infestation Pit  
  183  9:55  Zergling x6  
  184  10:03  Baneling x11  
  177  10:09  Zergling x18  
  184  10:17  Zergling x16  
  186  10:23  Drone x5  
  186  10:27  Mutalisk x3  
  197  10:42  Baneling x3  
  197  10:43  Baneling x5  
  197  10:45  Zergling x10  
  197  10:48  Zergling x8  
  195  10:51  Baneling  
  195  10:52  Baneling x5  
  195  10:57  Baneling  
  195  10:58  Baneling x3  
  195  11:03  Zergling x32  
  190  11:07  Baneling x6, Zergling x2  
  190  11:08  Zergling x2  
  190  11:10  Baneling x2  
  182  11:16  Zergling x16  
  190  11:19  Baneling x6  
Show
View Real Time Build Order
Export as new Build Order

llllllllllll Terran 

Build Orders: Reaper Expand, Hellion Banshee 

Get SALT Encoding   

  12  0:00  SCV  
  13  0:12  SCV  
  14  0:18  Supply Depot  
  14  0:25  SCV  
  15  0:40  SCV  
  15  0:41  Barracks  
  16  0:45  Refinery  
  16  0:52  SCV  
  18  1:04  SCV  
  18  1:16  SCV  
  19  1:29  Orbital Command, Reaper  
  20  1:43  Command Center  
  20  1:53  Supply Depot  
  20  1:55  SCV  
  20  2:00  Marine  
  22  2:07  SCV  
  23  2:11  Factory  
  23  2:20  SCV, Refinery  
  24  2:24  Barracks Reactor  
  24  2:32  SCV  
  25  2:44  SCV  
  26  2:56  Orbital Command  
  26  2:58  Starport, SCV  
  27  3:04  Hellion x2  
  31  3:09  Barracks Tech Lab  
  31  3:10  SCV  
  31  3:21  SCV  
  31  3:22  SCV  
  31  3:26  Supply Depot, Hellion x2  
  37  3:33  Marine  
  38  3:36  SCV x2  
  40  3:41  Cloaking Field  
  40  3:42  Banshee  
  40  3:48  SCV x2  
  45  3:52  Supply Depot  
  45  3:53  Hellion  
  47  3:57  Hellion  
  47  4:00  SCV  
  47  4:02  SCV  
  52  4:08  Barracks Tech Lab  
  51  4:13  SCV  
  51  4:14  SCV  
  53  4:21  Command Center  
  53  4:25  Supply Depot  
  53  4:26  Banshee  
  53  4:29  SCV x2  
  58  4:34  Stimpack  
  58  4:35  Factory Reactor  
  58  4:41  SCV  
  58  4:42  SCV  
  58  4:45  Barracks  
  60  4:50  Barracks  
  60  4:51  Supply Depot  
  60  4:54  SCV x2  
  62  5:00  Marine  
  62  5:05  Engineering Bay  
  62  5:06  Engineering Bay  
  63  5:08  SCV, Refinery x2  
  64  5:17  SCV, Marine  
  64  5:20  SCV, Supply Depot  
  67  5:22  Siege Tank  
  67  5:26  Medivac  
  72  5:30  Medivac  
  72  5:32  SCV x2  
  72  5:34  Orbital Command  
  76  5:36  Marine  
  76  5:39  Marine  
  76  5:41  Marine  
  79  5:44  Marine  
  80  5:50  Terran Infantry Weapons Level 1  
  80  5:51  Supply Depot  
  80  5:54  Marine, Terran Infantry Armor Level 1  
  80  5:57  Marine  
  81  5:58  SCV x2, Marine  
  85  6:04  Orbital Command  
  85  6:05  Marine  
  85  6:10  SCV x2  
  88  6:17  Combat Shield  
  88  6:21  Siege Tank  
  88  6:22  Supply Depot x2, Starport Reactor  
  88  6:23  Marine x4  
  95  6:30  Marine  
  95  6:31  SCV  
  97  6:35  SCV  
  92  6:41  Marine x2, SCV  
  92  6:45  Marine  
  96  6:47  Marine  
  96  6:48  SCV  
  96  6:49  SCV  
  96  6:50  Barracks  
  96  6:51  Barracks  
  99  6:54  Supply Depot  
  99  6:58  Siege Tank  
  99  6:59  Marine, SCV  
  99  7:00  Marine  
  99  7:01  SCV  
  104  7:03  Medivac x2  
  104  7:05  SCV  
  104  7:08  Marine  
  109  7:11  SCV  
  109  7:13  Marine  
  109  7:14  SCV  
  112  7:15  Marine  
  112  7:19  Supply Depot  
  112  7:21  Supply Depot  
  112  7:22  Armory  
  113  7:26  SCV  
  113  7:27  Marine x2  
  113  7:29  SCV x2  
  118  7:34  Marine, Barracks  
  118  7:35  Marine, Barracks  
  118  7:36  Barracks  
  120  7:39  Siege Tank  
  120  7:42  SCV x2  
  125  7:44  Supply Depot  
  125  7:46  Marine  
  125  7:48  Marine x2  
  126  7:53  Missile Turret x2  
  121  7:58  Marine  
  121  7:59  Marine  
  121  8:01  Missile Turret, SCV x2  
  121  8:03  Supply Depot, Marine x2  
  123  8:07  SCV  
  123  8:11  Marine  
  122  8:17  Missile Turret  
  122  8:19  Siege Tank  
  122  8:22  Marine x2  
  122  8:23  Marine  
  122  8:24  Marine  
  120  8:27  SCV x2  
  120  8:28  SCV  
  120  8:29  Marine  
  120  8:34  Terran Infantry Weapons Level 2  
  118  8:39  Barracks Reactor x2  
  118  8:40  Marine x5  
  118  8:41  Marine  
  122  8:42  Marine  
  122  8:43  SCV x2  
  122  8:47  Marine  
  126  8:49  Medivac x2  
  130  8:58  Marine x4  
  130  9:03  Marine x3  
  130  9:04  Siege Tank  
  130  9:05  Marine  
  130  9:07  Sensor Tower  
  137  9:10  Supply Depot  
  137  9:11  Supply Depot  
  137  9:15  Marine x2  
  137  9:16  Marine x5  
  144  9:19  Marine  
  144  9:20  Medivac  
  144  9:21  Medivac, Marine  
  150  9:24  Marine x2  
  150  9:26  Marine  
  153  9:32  Marine  
  153  9:33  Marine  
  153  9:34  Marine x4  
  159  9:39  Marine  
  159  9:40  Marine x2  
  159  9:43  Siege Tank  
  159  9:45  Marine x3  
  165  9:50  Marine  
  165  9:51  Marine  
  170  9:55  Marine x3  
  169  10:02  Marine x2  
  169  10:03  Marine x2  
  163  10:07  Marine x2  
  163  10:08  Marine  
  163  10:11  Medivac x2  
  167  10:15  Marine  
  167  10:16  Marine  
  165  10:21  Marine  
  165  10:22  Marine x2  
  165  10:23  Marine, Missile Turret  
  165  10:24  Marine  
  169  10:28  Supply Depot x2  
  169  10:29  Siege Tank, Marine x2  
  169  10:30  Marine  
  175  10:48  Marine x2  
  162  10:50  Marine x2  
  162  10:53  Marine  
  162  10:54  Marine x2  
  137  11:08  Marine  
  137  11:09  Marine  
  137  11:10  Marine x4  
  119  11:12  Marine x3  
  119  11:14  Marine x2  
Tags
 
Add a new tag
Caveats
  • Supply blocks, unpowered buildings, or Contaminate may cause inaccurate times.
  • Supply counts are checked every 10 seconds.